Map: Jagannatha LE

Players

blcyber - Winner!

  • Race: Zerg Zerg
  • League: Gold

A.I. 2 (Very Easy)

  • Race: Terran Terran

VOD

Have the link to the VOD?

Description

Time

  • Played on: June 21, 2021, 6:26 a.m.
  • Length: 11:55
Show
View Real Time Build Order
Export as new Build Order

blcyber Zerg - Winner!

Build Orders: Hatch First 

Get SALT Encoding   

  12  0:01  Drone  
  13  0:13  Overlord  
  13  0:20  Drone  
  14  0:33  Drone  
  14  0:34  Drone  
  16  0:54  Drone  
  17  0:57  Drone  
  17  0:59  Hatchery  
  17  1:01  Drone  
  18  1:04  Extractor  
  17  1:18  Spawning Pool  
  16  1:22  Drone  
  16  1:24  Drone  
  18  1:33  Drone  
  18  1:39  Drone  
  20  1:50  Overlord  
  20  2:07  Queen  
  22  2:12  Queen  
  24  2:19  Zergling x4  
  24  2:22  Metabolic Boost  
  26  2:38  Hatchery  
  25  2:48  Queen  
  27  2:55  Drone x2  
  27  2:56  Drone x2  
  31  3:00  Drone x2  
  33  3:13  Drone x2  
  33  3:16  Drone  
  33  3:19  Overlord  
  36  3:21  Overlord  
  36  3:44  Drone x3  
  36  3:45  Drone x3  
  36  3:46  Queen  
  44  3:54  Overlord  
  45  3:55  Drone x2  
  45  3:56  Drone x2  
  45  4:01  Drone x2  
  50  4:10  Queen  
  50  4:15  Drone x3  
  55  4:28  Queen  
  57  4:37  Extractor  
  56  4:41  Drone x2  
  56  4:42  Drone x3  
  61  4:53  Evolution Chamber  
  61  4:59  Evolution Chamber  
  59  5:00  Spore Crawler  
  59  5:01  Spore Crawler  
  59  5:05  Zergling x12  
  59  5:06  Zergling x6  
  66  5:16  Overlord  
  66  5:17  Overlord  
  66  5:22  Zerg Melee Weapons Level 1  
  66  5:28  Zerg Ground Armor Level 1  
  66  5:34  Queen  
  68  5:44  Baneling Nest  
  68  5:47  Overlord  
  67  5:52  Lair  
  67  6:04  Drone x6  
  69  6:05  Drone x6  
  69  6:08  Hatchery  
  69  6:09  Hatchery  
  77  6:17  Extractor  
  76  6:19  Queen  
  78  6:41  Drone x3  
  81  6:49  Extractor  
  81  6:50  Extractor x2  
  81  6:53  Drone x3  
  81  6:55  Drone x3  
  81  6:56  Drone x2  
  81  6:57  Drone  
  81  6:58  Centrifical Hooks  
  87  7:04  Overlord  
  87  7:05  Hydralisk Den  
  86  7:09  Drone  
  86  7:10  Zergling x6  
  90  7:19  Queen, Overlord  
  90  7:20  Overlord x2  
  90  7:21  Overlord  
  92  7:26  Drone x2  
  92  7:27  Drone  
  95  7:31  Drone x2  
  95  7:32  Drone x5  
  102  7:40  Zerg Melee Weapons Level 2  
  102  7:41  Zerg Ground Armor Level 2  
  102  7:42  Overlord  
  102  7:44  Zergling x8  
  104  7:45  Zergling x2  
  104  7:47  Grooved Spines  
  107  8:01  Baneling  
  107  8:03  Baneling x5  
  107  8:04  Overlord  
  107  8:06  Zergling x4  
  109  8:13  Hydralisk  
  109  8:14  Hydralisk  
  109  8:15  Infestation Pit  
  109  8:18  Drone x7  
  119  8:22  Extractor x2, Drone x3  
  119  8:23  Drone x2  
  119  8:24  Drone  
  123  8:36  Zergling x6  
  123  8:37  Zergling x2  
  123  8:38  Zergling x8  
  131  8:50  Hatchery  
  131  8:54  Hive  
  130  8:59  Overlord, Muscular Augments  
  130  9:01  Drone x2  
  130  9:02  Drone  
  133  9:05  Drone  
  134  9:22  Overlord  
  134  9:29  Hydralisk x3  
  134  9:30  Hydralisk  
  142  9:31  Zergling x2  
  142  9:32  Zergling x2  
  142  9:33  Hydralisk x3, Zergling x12  
  142  9:34  Hydralisk  
  158  9:38  Hatchery  
  158  9:42  Overlord  
  157  9:56  Lurker Den  
  157  9:57  Hydralisk x3  
  157  9:59  Zergling x12  
  169  10:00  Zergling x6  
  169  10:02  Overlord  
  171  10:21  Baneling x3  
  171  10:22  Baneling x7  
  171  10:23  Baneling x2  
  171  10:26  Hydralisk x4  
  171  10:27  Zergling x4  
  171  10:28  Hydralisk x3, Zergling x4  
  185  10:34  Overlord  
  189  10:46  Hydralisk  
  189  10:47  Hydralisk x2  
  195  10:53  Hydralisk x2  
  195  10:54  Zergling x2  
  195  10:55  Adaptive Talons  
Show
View Real Time Build Order
Export as new Build Order

A.I. 2 (Very Easy) Terran 

Build Orders: Reaper Expand 

Get SALT Encoding   

  12  0:00  SCV  
  13  0:13  SCV  
  14  0:18  Supply Depot  
  14  0:41  Barracks  
  14  1:03  Command Center  
  14  1:28  Marine, Supply Depot  
  14  1:30  Orbital Command  
  15  1:37  Refinery  
  15  1:48  Refinery  
  15  1:56  SCV  
  17  2:08  SCV  
  17  2:15  SCV  
  18  2:16  Reaper  
  18  2:22  SCV  
  20  2:29  SCV  
  21  2:36  SCV  
  22  2:43  SCV  
  23  2:49  Refinery  
  23  2:50  SCV  
  24  2:57  SCV  
  25  2:58  Marine  
  25  3:05  SCV  
  27  3:12  SCV  
  28  3:14  Factory  
  28  3:37  Refinery, SCV  
  28  3:40  Marine  
  30  3:44  SCV  
  31  3:52  SCV  
  31  3:55  Supply Depot  
  32  3:59  SCV  
  32  4:02  Starport  
  33  4:06  SCV  
  34  4:13  SCV  
  35  4:21  SCV  
  35  4:23  Reaper  
  37  4:28  SCV  
  38  4:35  SCV  
  39  4:39  Supply Depot, Starport Tech Lab  
  39  4:42  SCV  
  40  4:49  SCV  
  41  4:56  SCV  
  41  4:58  Raven  
  44  5:03  SCV  
  44  5:05  Marine  
  46  5:11  SCV  
  46  5:18  SCV  
  47  5:25  SCV  
  48  5:41  Raven  
  50  5:47  Marine  
  51  6:07  Barracks Tech Lab  
  51  6:30  Marauder  
  53  9:19  SCV  
  53  10:52  Medivac, Marauder  
  53  10:54  Supply Depot  
  48  11:14  Marauder  
  49  11:24  SCV  
  27  11:35  Supply Depot  
  27  11:36  SCV  
Tags
 
Add a new tag
Caveats
  • Supply blocks, unpowered buildings, or Contaminate may cause inaccurate times.
  • Supply counts are checked every 10 seconds.